SR
ELLESMERE ISLAND SNOWPEOPLE @ VALLEY VIEW COUGARS
09/03/2042
 
TOP OF THE 1ST
Ellesmere Island Snowpeople batting - Pitching for Valley View Cougars : RHP Mike Wheeler
Pitching: RHP Mike Wheeler
Batting: SHB Clive Edney 0-0: Ball
1-0: Ball
2-0: Foul Ball, location: 2F
2-1: Ball
3-1: Ground out 4-3 (Groundball, 4, EV 86.2 MPH)
Batting: RHB Ramón Rodríguez 0-0: Foul Ball, location: 2F
0-1: Ball
1-1: Fly out, F8 (Flyball, 8LS, EV 88.8 MPH)
Batting: RHB Ramón Rodríguez 0-0: Ball
1-0: Swinging Strike
1-1: Ball
2-1: Fly out, F8 (Flyball, 8LD, EV 98.1 MPH)
Top of the 1st over - 0 runs, 0 hits, 0 errors, 0 left on base; Ellesmere Island 0 - Valley View 0
BOTTOM OF THE 1ST
Valley View Cougars batting - Pitching for Ellesmere Island Snowpeople : LHP Luis Ornelas
Pitching: LHP Luis Ornelas
Batting: RHB Pepe Melandri 0-0: Ball
1-0: Ball
2-0: Ball
3-0: Called Strike
3-1: Ground out 3-1 (Groundball, 34, EV 83.8 MPH)
Batting: RHB Jay Harris 0-0: Called Strike
0-1: Called Strike
0-2: Ball
1-2: Ball
2-2: Ball
3-2: Base on Balls
Batting: RHB Gabe Joicey 0-0: DOUBLE (Line Drive, 7LS, EV 94.4 MPH)
Jay Harris to third
Batting: SHB Markus Anderson 0-0: Called Strike
0-1: Ball
1-1: Fly out, F7 (Flyball, 7, EV 90.6 MPH)
Runner from 3rd tags up, OUT at HOME! 7-2
Bottom of the 1st over - 0 runs, 1 hit, 0 errors, 1 left on base; Ellesmere Island 0 - Valley View 0
TOP OF THE 2ND
Ellesmere Island Snowpeople batting - Pitching for Valley View Cougars : RHP Mike Wheeler
Batting: RHB Ron Jackson 0-0: Fly out, F1 (Line Drive, P, EV 74.4 MPH)
Batting: LHB James Moya 0-0: Ball
1-0: Ball
2-0: Ball
3-0: Called Strike
3-1: SINGLE (Groundball, 4MD, EV 95.0 MPH)
Batting: RHB Red Greene 0-0: Fly out, F9 (Line Drive, 9D, EV 92.5 MPH)
Batting: RHB Donald White 0-0: Ball
1-0: Swinging Strike
1-1: Swinging Strike
1-2: Ball
2-2: Ball
3-2: Strikes out looking
Top of the 2nd over - 0 runs, 1 hit, 0 errors, 1 left on base; Ellesmere Island 0 - Valley View 0
BOTTOM OF THE 2ND
Valley View Cougars batting - Pitching for Ellesmere Island Snowpeople : LHP Luis Ornelas
Batting: RHB Mark Quick 0-0: Fly out, F7 (Flyball, 7D, EV 86.9 MPH)
Batting: RHB Shaun Kingsley 0-0: Called Strike
0-1: Ball
1-1: SINGLE (Line Drive, 34D, EV 98.1 MPH)
Batting: RHB James Gill 0-0: Fly out, F9 (Flyball, 9LSF, EV 89.4 MPH)
Batting: RHB Frank Corbett 0-0: Foul Ball, location: 2F
0-1: Ball
1-1: Called Strike
1-2: Foul Ball, location: 2F
1-2: Foul Ball, location: 2F
1-2: Ball
2-2: Fielders Choice at 2nd, 6-4 (Groundball, 6, EV 83.1 MPH)
Bottom of the 2nd over - 0 runs, 1 hit, 0 errors, 1 left on base; Ellesmere Island 0 - Valley View 0
TOP OF THE 3RD
Ellesmere Island Snowpeople batting - Pitching for Valley View Cougars : RHP Mike Wheeler
Batting: RHB Howard Moore 0-0: Ball
1-0: Ball
2-0: Called Strike
2-1: Ball
3-1: Fly out, F9 (Flyball, 89D, EV 83.1 MPH)
Batting: LHB Bernard Cornwell 0-0: Ball
1-0: SINGLE (Line Drive, 8LM, EV 90.0 MPH)
Batting: SHB Clive Edney 0-0: Called Strike
0-1: Swinging Strike
0-2: Strikes out swinging
Batting: RHB Ramón Rodríguez 0-0: Foul Ball, location: 2F
0-1: Swinging Strike
0-2: Foul Ball, location: 2F
0-2: Foul Ball, location: 2F
0-2: Strikes out swinging
Top of the 3rd over - 0 runs, 1 hit, 0 errors, 1 left on base; Ellesmere Island 0 - Valley View 0
BOTTOM OF THE 3RD
Valley View Cougars batting - Pitching for Ellesmere Island Snowpeople : LHP Luis Ornelas
Pitching: RHP Rob O'Brien
Batting: RHB Sonny Greenwood 0-0: Ball
1-0: Called Strike
1-1: Ball
2-1: Ground out 5-3 (Groundball, 56, EV 90.6 MPH)
Batting: RHB Pepe Melandri 0-0: Ball
1-0: Foul Ball, location: 2F
1-1: Ground out 4-3 (Groundball, 4M, EV 90.6 MPH)
Batting: RHB Jay Harris 0-0: Ball
1-0: SOLO HOME RUN (Flyball, 7D, EV 99.4 MPH), Distance : 368 ft
Batting: RHB Gabe Joicey 0-0: Ball
1-0: Swinging Strike
1-1: Called Strike
1-2: Ball
2-2: Foul Ball, location: 2F
2-2: Strikes out swinging
Bottom of the 3rd over - 1 run, 1 hit, 0 errors, 0 left on base; Ellesmere Island 0 - Valley View 1
TOP OF THE 4TH
Ellesmere Island Snowpeople batting - Pitching for Valley View Cougars : RHP Mike Wheeler
Batting: RHB Ramón Rodríguez 0-0: Ball
1-0: Foul Ball, location: 2F
1-1: Ball
2-1: Ball
3-1: Fly out, F7 (Flyball, 78XD, EV 106.9 MPH)
Batting: RHB Ron Jackson 0-0: Foul Ball, location: 2F
0-1: Ball
1-1: SINGLE (Flyball, 7S, EV 86.9 MPH)
Batting: LHB James Moya 0-0: Ball
Ron Jackson is caught stealing 2nd base 2-6
1-0: Foul Ball, location: 2F
1-1: Ball
2-1: Foul Ball, location: 2F
2-2: DOUBLE (Line Drive, 7LM, EV 92.5 MPH)
Batting: RHB Red Greene 0-0: Called Strike
0-1: Foul Ball, location: 2F
0-2: Ball
1-2: DOUBLE (Groundball, 5L, EV 106.9 MPH)
James Moya scores
Batting: RHB Donald White 0-0: Ball
1-0: Called Strike
1-1: Ball
2-1: Ball
3-1: Foul Ball, location: 2F
3-2: Base on Balls
Batting: RHB Howard Moore 0-0: Ball
1-0: Ball
2-0: Ball
3-0: Called Strike
3-1: Base on Balls
Red Greene to third
Donald White to second
Batting: LHB Bernard Cornwell 0-0: Ball
1-0: Called Strike
1-1: Foul Ball, location: 2F
1-2: Ball
2-2: Fly out, F4 (Line Drive, 4, EV 73.1 MPH)
Top of the 4th over - 1 run, 3 hits, 0 errors, 3 left on base; Ellesmere Island 1 - Valley View 1
BOTTOM OF THE 4TH
Valley View Cougars batting - Pitching for Ellesmere Island Snowpeople : RHP Rob O'Brien
Batting: SHB Markus Anderson 0-0: SOLO HOME RUN (Line Drive, 9D, EV 103.1 MPH), Distance : 379 ft
Batting: RHB Mark Quick 0-0: Ball
1-0: Ground out 5-3 (Groundball, 56, EV 87.5 MPH)
Batting: RHB Shaun Kingsley 0-0: Foul Ball, location: 2F
0-1: Called Strike
0-2: Ball
1-2: Fly out, F8 (Line Drive, 8LM, EV 92.5 MPH)
Batting: RHB James Gill 0-0: Ball
1-0: Called Strike
1-1: Ball
2-1: Swinging Strike
2-2: Ball
3-2: Strikes out swinging
Bottom of the 4th over - 1 run, 1 hit, 0 errors, 0 left on base; Ellesmere Island 1 - Valley View 2
TOP OF THE 5TH
Ellesmere Island Snowpeople batting - Pitching for Valley View Cougars : RHP Mike Wheeler
Batting: SHB Clive Edney 0-0: Called Strike
0-1: Ball
1-1: Ground out 6-3 (Groundball, 56, EV 98.8 MPH)
Batting: RHB Ramón Rodríguez 0-0: Fly out, F8 (Flyball, 89S, EV 95.0 MPH)
Batting: RHB Ramón Rodríguez 0-0: Foul Ball, location: 2F
0-1: Fly out, F8 (Flyball, 78XD, EV 95.0 MPH)
Top of the 5th over - 0 runs, 0 hits, 0 errors, 0 left on base; Ellesmere Island 1 - Valley View 2
BOTTOM OF THE 5TH
Valley View Cougars batting - Pitching for Ellesmere Island Snowpeople : RHP Rob O'Brien
Batting: RHB Frank Corbett 0-0: Swinging Strike
0-1: Ground out 5-3 (Groundball, 5, EV 80.6 MPH)
Batting: RHB Sonny Greenwood 0-0: Called Strike
0-1: Ball
1-1: Ball
2-1: Foul Ball, location: 2F
2-2: Strikes out looking
Batting: RHB Pepe Melandri 0-0: Ball
1-0: Foul Ball, location: 2F
1-1: SINGLE (Line Drive, 6M, EV 97.5 MPH)
Batting: RHB Jay Harris 0-0: Fly out, F9 (Flyball, 89S, EV 85.0 MPH)
Bottom of the 5th over - 0 runs, 1 hit, 0 errors, 1 left on base; Ellesmere Island 1 - Valley View 2
TOP OF THE 6TH
Ellesmere Island Snowpeople batting - Pitching for Valley View Cougars : RHP Mike Wheeler
Pitching: LHP Dave Davis
Batting: RHB Ron Jackson 0-0: Ball
1-0: Swinging Strike
1-1: Foul Ball, location: 2F
1-2: Ball
2-2: Strikes out swinging
Batting: LHB James Moya 0-0: Fly out, F6 (Popup, 6, EV 57.5 MPH)
Batting: RHB Red Greene 0-0: Called Strike
0-1: Ball
1-1: Fly out, F6 (Line Drive, 6, EV 68.8 MPH)
Top of the 6th over - 0 runs, 0 hits, 0 errors, 0 left on base; Ellesmere Island 1 - Valley View 2
BOTTOM OF THE 6TH
Valley View Cougars batting - Pitching for Ellesmere Island Snowpeople : RHP Rob O'Brien
Batting: RHB Gabe Joicey 0-0: Ball
1-0: Ball
2-0: Called Strike
2-1: Fly out, F8 (Line Drive, 8RD, EV 91.9 MPH)
Batting: SHB Markus Anderson 0-0: Foul Ball, location: 2F
0-1: Ball
1-1: Ball
2-1: Fly out, F7 (Line Drive, 7D, EV 90.6 MPH)
Batting: RHB Mark Quick 0-0: Ball
1-0: Called Strike
1-1: Ball
2-1: Ball
3-1: Foul Ball, location: 2F
3-2: Foul Ball, location: 2F
3-2: Foul Ball, location: 2F
3-2: Fly out, F9 (Flyball, 9S, EV 90.0 MPH)
Bottom of the 6th over - 0 runs, 0 hits, 0 errors, 0 left on base; Ellesmere Island 1 - Valley View 2
TOP OF THE 7TH
Ellesmere Island Snowpeople batting - Pitching for Valley View Cougars : LHP Dave Davis
Batting: RHB Donald White 0-0: Ball
1-0: Foul Ball, location: 2F
1-1: Fly out, F8 (Flyball, 8RM, EV 91.9 MPH)
Batting: RHB Howard Moore 0-0: Called Strike
0-1: Swinging Strike
0-2: Ball
1-2: Ball
2-2: Foul Ball, location: 2F
2-2: Foul Ball, location: 2F
2-2: Ball
3-2: Strikes out swinging
Batting: LHB Bernard Cornwell 0-0: Reached on error, E9 (Line Drive, 89M, EV 98.1 MPH)
Pinch Hitting: LHB Robin Tremayne 0-0: SINGLE (Groundball, 6D, EV 105.0 MPH)
Bernard Cornwell to third
Runner from 3rd tries for Home, throw by LF and OUT! 7-2
Top of the 7th over - 0 runs, 1 hit, 1 error, 1 left on base; Ellesmere Island 1 - Valley View 2
BOTTOM OF THE 7TH
Valley View Cougars batting - Pitching for Ellesmere Island Snowpeople : RHP Rob O'Brien
Now in LF: Luis Rey
Batting: RHB Shaun Kingsley 0-0: Ball
1-0: Called Strike
1-1: SINGLE (Line Drive, 78S, EV 103.8 MPH)
Pitching: RHP Aberto Gaddi
Batting: RHB James Gill 0-0: Called Strike
0-1: Ball
1-1: Ball
2-1: Ball
3-1: Base on Balls
Shaun Kingsley to second
Batting: RHB Frank Corbett 0-0: Fly out, F9 (Flyball, 89S, EV 80.0 MPH)
Batting: RHB Sonny Greenwood 0-0: Fly out, F8 (Flyball, 8RS, EV 95.0 MPH)
Batting: RHB Pepe Melandri 0-0: Called Strike
0-1: Ground out 4-3 (Groundball, 4, EV 81.9 MPH)
Bottom of the 7th over - 0 runs, 1 hit, 0 errors, 2 left on base; Ellesmere Island 1 - Valley View 2
TOP OF THE 8TH
Ellesmere Island Snowpeople batting - Pitching for Valley View Cougars : LHP Dave Davis
Batting: RHB Ramón Rodríguez 0-0: Ball
1-0: Ball
2-0: Called Strike
2-1: Called Strike
2-2: Ball
3-2: Ground out 4-3 (Groundball, 4MD, EV 107.5 MPH)
Batting: RHB Ramón Rodríguez 0-0: Swinging Strike
0-1: Called Strike
0-2: Ground out 6-3 (Groundball, 6, EV 107.5 MPH)
Batting: RHB Ron Jackson 0-0: Ball
1-0: Ground out 4-3 (Groundball, 4, EV 78.8 MPH)
Top of the 8th over - 0 runs, 0 hits, 0 errors, 0 left on base; Ellesmere Island 1 - Valley View 2
BOTTOM OF THE 8TH
Valley View Cougars batting - Pitching for Ellesmere Island Snowpeople : RHP Aberto Gaddi
Batting: RHB Jay Harris 0-0: Ball
1-0: Foul Ball, location: 2F
1-1: Called Strike
1-2: Strikes out swinging
Batting: RHB Gabe Joicey 0-0: Called Strike
0-1: Fly out, F8 (Line Drive, 8LM, EV 94.4 MPH)
Batting: SHB Markus Anderson 0-0: Called Strike
0-1: Called Strike
0-2: Strikes out swinging
Bottom of the 8th over - 0 runs, 0 hits, 0 errors, 0 left on base; Ellesmere Island 1 - Valley View 2
TOP OF THE 9TH
Ellesmere Island Snowpeople batting - Pitching for Valley View Cougars : LHP Dave Davis
Pitching: RHP Ray Armstrong
Batting: LHB James Moya 0-0: Foul Ball, location: 2F
0-1: Ball
1-1: Ground out 4-3 (Groundball, 4, EV 79.4 MPH)
Batting: RHB Red Greene 0-0: Ground out 1-3 (Groundball, 13, EV 88.8 MPH)
Batting: RHB Donald White 0-0: Ball
1-0: Fly out, F8 (Flyball, 8RS, EV 89.4 MPH)
Top of the 9th over - 0 runs, 0 hits, 0 errors, 0 left on base; Ellesmere Island 1 - Valley View 2
Friday, March 26th, 2021 - OOTP Baseball 20.8 Build 74